 Dungeon Crawl Stone Soup version 0.20.1-1-g8b1a95d (webtiles) character file.

1127 Minstaer the Changer (level 8, -3/61 HPs)
             Began as a Red Draconian Transmuter on Nov 4, 2017.
             Killed by divine providence
             ... invoked by an orc priest
              (7 damage)
             ... on level 6 of the Dungeon.
             The game lasted 00:59:01 (5556 turns).

Minstaer the Changer (Red Draconian Transmuter)     Turns: 5556, Time: 00:59:02

Health: -3/61      AC:  6    Str: 14    XL:     8   Next: 13%
Magic:  17/17      EV: 12    Int: 14    God:
Gold:   245        SH:  2    Dex: 12    Spells: 4/19 levels left

rFire    + . .     SeeInvis .   s - -3 dagger (curse)
rCold    + . .     Gourm    .   (no shield)
rNeg     . . .     Faith    .   (armour unavailable)
rPois    .         Spirit   .   (helmet restricted)
rElec    .         Reflect  +   (no cloak)
rCorr    .         Harm     .   (no gloves)
MR       .....                  (boots currently unavailable)
Stlth    +.........             w - +2 amulet of reflection
Regen    0.2/turn               d - ring of protection from cold
MPRegen  0.2/turn               (no ring)

@: appendage (expiring)
A: breathe fire, unfitting armour, talons 3, fire resistance 1, cold-blooded, AC
+6
a: Breathe Fire, End Transformation


You were on level 6 of the Dungeon.
You were not hungry.
You had grown temporary talons.
You visited 1 branch of the dungeon, and saw 6 of its levels.
You also visited: Ossuary.

You collected 245 gold pieces.

Inventory:

Hand Weapons
 e - a +0 hunting sling
 h - a +1 short sword of protection
 p - a +0 hunting sling
 r - a +0 whip of venom
 s - a cursed -3 dagger (weapon)
 C - a +0 long sword
Missiles
 a - 17 arrows
 j - 183 stones (quivered)
 m - 30 poisoned needles
Jewellery
 d - a ring of protection from cold (left hand)
 w - a +2 amulet of reflection (around neck)
Scrolls
 k - 3 scrolls of amnesia
 n - 4 scrolls of teleportation
 q - a scroll of blinking
 t - 2 scrolls of identify
 v - 2 scrolls of recharging
 y - 2 scrolls of enchant weapon
 D - a scroll of remove curse {unknown}
 E - 2 scrolls of magic mapping {unknown}
Potions
 f - a potion of ambrosia
 g - 2 potions of invisibility
 i - a potion of curing
 x - 3 potions of agility {unknown}
 z - a potion of flight {unknown}
 A - 2 potions of brilliance {unknown}
Books
 b - a book of Changes

   Spells                             Type                      Level
   a - Beastly Appendage              Transmutation                1
   b - Sticks to Snakes               Transmutation                2
   c - Spider Form                    Transmutation/Poison         3
   d - Ice Form                       Ice/Transmutation            4
   e - Blade Hands                    Transmutation                5
 u - a book of the Tempests

   Spells                             Type                      Level
   a - Static Discharge               Conjuration/Air              3
   b - Lightning Bolt                 Conjuration/Air              5
   c - Ignition                       Fire                         8
   d - Tornado                        Air                          9
   e - Shatter                        Earth                        9
Comestibles
 c - 3 bread rations
 l - 3 royal jellies
 o - 2 meat rations
 B - 3 chunks of flesh


   Skills:
 - Level 2.1 Fighting
 - Level 1.7 Dodging
 - Level 3.3 Unarmed Combat
 + Level 6.3 Spellcasting
 + Level 6.9 Transmutations


You had 4 spell levels left.
You knew the following spells:

 Your Spells              Type           Power        Failure   Level  Hunger
a - Beastly Appendage     Tmut           ###...       1%          1    None
b - Sticks to Snakes      Tmut           ###.....     1%          2    #......
c - Spider Form           Tmut/Pois      ##........   11%         3    ###....
d - Blade Hands           Tmut           ###.......   24%         5    ######.
e - Ice Form              Ice/Tmut       ##......     36%         4    ####...


Dungeon Overview and Level Annotations

Branches:
Dungeon (6/15)
 Temple: D:4-7

Altars:
Ru

Shops:
D:4 (

Annotations:
D:3 hilaritas's ghost, amateur HOFi


Innate Abilities, Weirdness & Mutations

You can breathe blasts of fire.
Your fiery red scales are hard. (AC +6)
You cannot fit into any form of body armour.
Your flesh is heat resistant. (rF+)
You are cold-blooded and may be slowed by cold attacks.
You have claws for feet.


Message History

The crimson imp hits you with a long sword.
* * * LOW HITPOINT WARNING * * *
The crimson imp blinks!
There is a stone staircase leading down here.
The crimson imp blinks!
You climb downwards. 2 orcs, an orc priest and a skeleton come into view.
The orc shouts!
The orc priest shouts!
Found 24 stones and 16 poisoned needles.
There is a stone staircase leading up here.
Your transformation is almost over.
The hound skeleton completely misses you.
The orc throws a tomahawk.
The tomahawk hits you but does no damage.
The hound skeleton closely misses you.
You see here a tomahawk.
The hound skeleton barely misses you.
The orc priest calls down the wrath of Beogh upon you.
Beogh smites you!
You die...

. . #. #.##
...# #..###
#....#########
#.@Z......(.#
###.o##.....##
##(.oo.....#
####........
#....(###
.........
#.....###
#######


You could see an orc priest, 2 orcs and a hound skeleton.

Vanquished Creatures
  An ogre (D:4)
  9 scorpions
  A centaur zombie (Ossuary)
  2 hounds (D:4)
  3 human zombies (Ossuary)
  An orc priest (D:4)
  A centaur skeleton (D:4)
  3 orc wizards
  2 worker ants (D:4)
  2 big kobold zombies (Ossuary)
  3 mummies (Ossuary)
  A worker ant zombie (D:5)
  2 scorpion zombies (Ossuary)
  3 adders (D:4)
  3 gnolls (D:4)
  2 oozes
  An adder skeleton (D:4)
  3 worms
  3 dart slugs
  3 leopard geckos
  7 orcs
  A giant cockroach (D:2)
  3 goblins
  4 hobgoblins
  7 jackals
  9 kobolds
  3 quokkas
  4 bats
  6 frilled lizards
  A gnoll zombie (Ossuary)
  A goblin zombie (Ossuary)
  3 hobgoblin zombies (Ossuary)
  2 orc zombies (Ossuary)
  A quokka skeleton (D:4)
  9 rats
110 creatures vanquished.

Vanquished Creatures (collateral kills)
  A hobgoblin (D:1)
  A bat (D:1)
2 creatures vanquished.

Vanquished Creatures (others)
  A scorpion (Ossuary)
  An orc wizard (D:4)
2 creatures vanquished.

Grand Total: 114 creatures vanquished

Notes
Turn   | Place    | Note
-------+----------+-------------------------------------------
     0 | D:1      | Minstaer the Draconian Transmuter began the quest for the Orb.
     0 | D:1      | Reached XP level 1. HP: 16/16 MP: 3/3
   175 | D:1      | Reached XP level 2. HP: 16/23 MP: 5/5
   182 | D:1      | Learned a level 2 spell: Sticks to Snakes
   430 | D:1      | HP: 1/24 [kobold/dagger (1)]
   866 | D:1      | Reached XP level 3. HP: 20/29 MP: 4/6
  1201 | D:2      | Learned a level 3 spell: Spider Form
  1941 | D:2      | Reached XP level 4. HP: 36/36 MP: 5/7
  1982 | D:3      | Noticed hilaritas's ghost (amateur HOFi)
  2796 | D:4      | Reached XP level 5. HP: 41/41 MP: 5/9
  2861 | D:4      | Found Urphacall's Weapon Emporium.
  2956 | D:4      | Noticed an ogre
  2972 | D:4      | Killed an ogre
  2972 | D:4      | Reached XP level 6. HP: 14/48 MP: 8/12
  2996 | D:4      | Found a sacrificial altar of Ru.
  3060 | D:4      | Found a sand-covered staircase.
  3072 | Ossuary  | Entered an ossuary
  3358 | Ossuary  | Reached skill level 5 in Transmutations
  3601 | Ossuary  | Your scales start taking on a fiery red colour.
  3601 | Ossuary  | Reached XP level 7. HP: 33/55 MP: 12/14
  3601 | Ossuary  | Gained mutation: Your flesh is heat resistant. (rF+) [Red Draconian growth]
  3788 | Ossuary  | Reached skill level 5 in Spellcasting
  3838 | Ossuary  | Learned a level 5 spell: Blade Hands
  3843 | Ossuary  | Learned a level 4 spell: Ice Form
  4441 | D:4      | Learned a level 1 spell: Beastly Appendage
  4828 | D:4      | HP: 1/55 [orc priest/divine providence (16)]
  5271 | D:5      | Entered Level 5 of the Dungeon
  5277 | D:5      | Reached XP level 8. HP: 50/61 MP: 13/17
  5548 | D:5      | HP: 2/61 [crimson imp/long sword (2)]
  5556 | D:6      | Killed from afar by an orc priest

Skill      XL: |  1  2  3  4  5  6  7 |
---------------+----------------------+-----
Fighting       | 2 |  2.1
Transmutations | 3 4 5 6 |  6.9
Spellcasting   | 3 4 6 |  6.3
Dodging        | |  1.7
Unarmed Combat | |  3.3

Action                   |  1- 3 |  4- 6 |  7- 9 || total
-------------------------+-------+-------+-------++-------
Melee: Unarmed           |   123 |     9 |    87 ||   219
       Tailslap          |    16 |    14 |    18 ||    48
       Kick              |    17 |    14 |    23 ||    54
       Headbutt          |     8 |    14 |    17 ||    39
       Punch             |     1 |     1 |     4 ||     6
       Short sword       |       |   117 |    54 ||   171
       Whip              |       |     7 |     3 ||    10
       Dagger            |       |       |   131 ||   131
 Cast: Beastly Appendage |    27 |    17 |    17 ||    61
       Sticks to Snakes  |     5 |     6 |     1 ||    12
       Spider Form       |       |     3 |     8 ||    11
 Abil: Breathe Fire      |       |       |     1 ||     1
  Use: Scroll            |       |     1 |     6 ||     7
       Potion            |       |       |     3 ||     3
  Eat: Chunk             |     4 |     4 |     5 ||    13
       Meat ration       |       |     1 |       ||     1
Armor: Skin              |    39 |    55 |    49 ||   143
Dodge: Dodged            |    79 |    72 |   138 ||   289
Block: Other             |       |       |     1 ||     1
